Unix NetHack Version 3.7.0-89 Work-in-progress - last build Nov 29 2023 03:14:05 (8663f69846b387d428bf56816b0fc57e108cd183,branch:master). Game began 2023-12-03 13:02:20, ended 2023-12-03 14:17:12. DoktorL, lawful female dwarven Valkyrie ---- = % ...| |.- % |.| |.. ? [ *|.| |..-- | [[%% ) [ [ [ [ $---.| |...|.|}-------------------------------|------ % |...| |)--|.|}}}}}}|..%.....|(.....................|[[[[[[[ %%%%%%% |.--| |0)(..|.....}|........|.....%% |...........|[[[[[[[ %%%%%%% |...| |[|)[%%.....}|........|----------|...........|--- |.|.| |.|...|.)......%%{....-..)).%%...-.........\(..^. |h|.| |.|.---.....}|........|----------|...........|--- --- |.|.| ......}|........|...... % |...........|******* ! ))))))) |.--- |}}}}}}|........|.......(..............|******* / ))))))) |... |}-------------------------------+------ $ |.-- | % [ % |. / * % % % % % % % * % DoktorL the Woman-at-arms St:13 Dx:11 Co:20 In:7 Wi:8 Ch:10 Lawful S:91639 Dlvl:28 $:755 HP:67(143) Pw:14(14) AC:-3 Xp:12/20106 T:21784 Hungry Burdened Latest messages: The soldier picks up a spear. The soldier picks up a knife. The soldier zaps a wand of striking! The wand misses the soldier. The wand hits the soldier! The wand misses you. The golden naga casts a spell! The golden naga looks better. You see here a chest. You find a hidden door. The soldier throws a spear! A spear misses you. In what direction? As you kick the door, it crashes open! The soldier picks up a spear. A trap door opens up under you! You arrive at the Valley of the Dead... The odor of burnt flesh and decay pervades the air. You hear groans and moans everywhere. You hit the fog cloud! The fog cloud turns into a vampire lord! z - a fizzy potion. The vampire lord hits! The vampire lord bites! The vampire lord hits! The vampire lord bites! You feel weak! You haven't been exercising properly. You climb up the stairs. What do you want to use or apply? [delstx or ?*] Your lamp is now on. You are beginning to feel hungry. The master lich appears next to you! The master lich touches you! You're covered in frost! The frost doesn't seem cold! The master lich casts a spell at you! You suddenly feel weaker! Your movements are slowed slightly because of your load. What do you want to ready? [- $fq or ?*] That ammunition is already readied! What do you want to throw? [$fq or ?*] You don't have that object. What do you want to throw? [$fq or ?*] You don't have that object. What do you want to throw? [$fq or ?*] Never mind. # Really quit? [yn] (n) Do you want your possessions identified? [ynq] (y) Inventory: Coins $ - 755 gold pieces Amulets v - an uncursed amulet of reflection (being worn) Weapons q - 3 +0 daggers (at the ready) a - the blessed rustproof +4 Excalibur (weapon in hand) f - the rustproof +0 Mjollnir Armor Y - an uncursed thoroughly rusty +0 pair of iron shoes (being worn) c - an uncursed very burnt +3 small shield (being worn) Z - an uncursed thoroughly burnt +0 dwarvish cloak (being worn) O - an uncursed +0 mummy wrapping R - an uncursed +1 elven mithril-coat (being worn) Comestibles n - 4 uncursed eggs F - 2 uncursed lizard corpses Potions z - an uncursed potion of monster detection Tools t - an uncursed sack containing 35 items x - an uncursed bugle l - a cursed oil lamp (lit) d - a +0 pick-axe s - an uncursed skeleton key e - a +0 unicorn horn Contents of the sack: an uncursed scroll of amnesia an uncursed scroll of stinking cloud an uncursed scroll of food detection 2 cursed scrolls of blank paper 7 uncursed scrolls of blank paper an uncursed scroll of enchant weapon an uncursed scroll of confuse monster an uncursed scroll of earth an uncursed scroll of enchant armor an uncursed scroll of fire a blessed scroll of identify an uncursed scroll of identify 2 uncursed scrolls of magic mapping an uncursed scroll of taming an uncursed scroll of teleportation an uncursed potion of healing a blessed potion of fruit juice an uncursed potion of gain ability an uncursed potion of object detection 4 potions of holy water a potion of unholy water a cursed ring of aggravate monster an uncursed +2 ring of increase damage an uncursed ring of regeneration an uncursed ring of searching a wand of digging (0:4) a wand of digging (0:7) a wand of enlightenment (0:12) a wand of light (0:11) a wand of locking (0:4) a wand of opening (0:2) a wand of probing (0:5) a wand of secret door detection (0:13) a cursed wand of sleep (0:3) a wand of striking (0:0) DoktorL the Valkyrie's attributes: Background: You were a Woman-at-arms, a level 12 dwarven Valkyrie. You were lawful, on a mission for Tyr who was opposed by Odin (neutral) and Loki (chaotic). You were in the Dungeons of Doom, on level 28. You entered the dungeon 21784 turns ago. You had 20106 experience points, 19894 more were needed to attain level 13. Your score was 91639 before end-of-game adjustments. Basics: You had 67 out of 143 hit points. You had all 14 energy points (spell power). Your armor class was -3. Your wallet contained 755 zorkmids. Autopickup was on for '$"?!/=' plus thrown, with exceptions. Final Characteristics: Your strength was 13 (peak:18/03, limit:18/100). Your dexterity was 11 (limit:20). Your constitution was 20 (limit:20). Your intelligence was 7 (limit:16). Your wisdom was 8 (limit:16). Your charisma was 10 (limit:16). Final Status: You were hungry. You were burdened; movement was slightly slowed. You were wielding a long sword. You were skilled in long sword and could have enhanced that. Final Attributes: You were piously aligned. You were fire resistant. You were cold resistant. You were sleep resistant. You were poison resistant. You were level-drain resistant. You had automatic searching. You had infravision. You were stealthy. You had a small defense bonus (+4). You were guarded. You were fast. You had reflection. You survived. Miscellaneous: You disabled loading of bones levels. Total elapsed playing time was 1 hour, 14 minutes and 52 seconds. Major events: Turn 1: DoktorL the lawful dwarven Valkyrie entered the dungeon 358: entered the Gnomish Mines 1253: attained the rank of Skirmisher (level 3) 4728: attained the rank of Fighter (level 6) 5331: entered Sokoban 6159: completed 2nd Sokoban level 6467: completed 3rd Sokoban level 9693: was bestowed with Mjollnir by Tyr 9893: reached Mine Town 11844: completed 4th Sokoban level 13289: acquired the Sokoban amulet of reflection 13722: attained the rank of Woman-at-arms (level 10) 14930: signified by divine providence, was chosen to carry Excalibur 18173: entered the Bigroom 20480: killed Medusa 21764: entered Gehennom 21784: quit Vanquished creatures: Medusa a minotaur a displacer beast 2 liches a vampire 3 lieutenants a watch captain 2 giant mimics 3 zruties 2 ogre tyrants 2 ice trolls 2 stalkers an air elemental an earth elemental 2 water elementals 2 giant mummies 3 xorns a giant zombie 4 elf-nobles a sergeant a warhorse 3 ettin mummies an ogre leader a quantum mechanic 4 trolls a sasquatch a shark a gelatinous cube a large dog a freezing sphere 5 flaming spheres a large cat a gargoyle a dwarf ruler a tengu 2 leocrottas an energy vortex an elf mummy 2 human mummies a red naga a pit viper 2 wraiths 2 ettin zombies a Grey-elf 20 soldiers a watchman 2 amorous demons a chameleon 2 giant beetles 2 quivering blobs 4 cockatrices 2 wolves a panther a gremlin 2 leprechauns 2 iron piercers a mumak 3 giant spiders a horse 2 ice vortices 2 black lights 2 forest centaurs 2 orc mummies a dwarf mummy 2 brown puddings 4 rust monsters 3 owlbears 2 yetis 3 gold golems 2 werewolves 7 Green-elves 5 lizards a jaguar 2 dwarf leaders a blue jelly a black unicorn 3 dust vortices 19 ravens a gnome mummy a snake 4 apes 2 human zombies 4 rope golems a Woodland-elf 2 soldier ants 2 fire ants 3 bugbears 5 imps 5 wood nymphs 2 water nymphs 2 mountain nymphs 14 Mordor orcs 13 Uruk-hai 4 rock piercers 4 rock moles 2 ponies 2 fog clouds 4 yellow lights a shrieker 4 violet fungi a gnome leader a gnomish wizard 2 kobold mummies a gray ooze 3 elf zombies a ghoul 2 straw golems 4 paper golems a jellyfish 5 giant ants a little dog 4 floating eyes 2 kittens a dwarf 3 homunculi a kobold leader a kobold shaman 10 hill orcs 11 rothes a centipede 4 giant bats a monkey 4 orc zombies 6 dwarf zombies a werejackal 11 iguanas 28 killer bees 3 acid blobs 10 coyotes 3 gas spores 3 hobbits 12 manes 6 hobgoblins 14 giant rats a cave spider 4 red molds 7 gnomes 4 garter snakes 2 gnome zombies 9 geckos 12 jackals 3 kobolds 3 goblins a sewer rat 13 grid bugs a bat 8 lichens 2 kobold zombies 13 newts 509 creatures vanquished. No species were genocided or became extinct. Voluntary challenges: You read items or engraved 20 times. You engraved Elbereth 2 times. You never had a pet. You never genocided any monsters. You never polymorphed an object. You used no wishes. You violated the special Sokoban rules twice. Achievements: You entered the Gnomish Mines. You attained the rank of Skirmisher. You attained the rank of Fighter. You entered Sokoban. You entered Minetown. You entered a shop. You entered a temple. You completed Sokoban. You attained the rank of Woman-at-arms. You entered the Big Room. You defeated Medusa. You entered Gehennom. The Dungeons of Doom: levels 1 to 28 Level 1: Level 2: An altar. Stairs down to The Gnomish Mines. Level 3: Level 4: An altar. Level 5: An altar to Tyr. Level 6: A fountain. Oracle of Delphi. Level 7: Stairs up to Sokoban, level 6. Level 8: Many fountains. Level 9: A fountain. Level 10: Level 11: "MMY TEMPLE" A fountain. Level 12: Many fountains. A very big room. Summoned by the Norn. Level 13: Level 14: A fountain. Level 15: A primitive area. Level 16: A throne. Level 17: A temple and an altar. Level 18: A sink. Level 19: Level 20: Level 21: Level 22: Level 23: Level 24: Level 25: Level 26: Level 27: Many trees. Level 28: <- You were here. A throne, a fountain. The castle. Connection to Gehennom. Gehennom: Level 29: The Gnomish Mines: levels 3 to 6 Level 3: Level 4: Level 5: Many shops, a temple and an altar to Tyr, some fountains, some trees. Level 6: Sokoban: levels 6 up to 3 Level 3: Solved. Level 4: Solved. Level 5: Solved. Level 6: Unsolved. Farvel DoktorL the Valkyrie... You quit in The Dungeons of Doom on dungeon level 28 with 91639 points, and 755 pieces of gold, after 21784 moves. You were level 12 with a maximum of 143 hit points when you quit.